 Dungeon Crawl Stone Soup version 0.31-a0-237-g2d982f9f85 (webtiles) character file.

Game seed: 3054701395276725856

255 qw the Shooter (level 5, -7/45 HPs)
             Began as a Minotaur Hexslinger on July 11, 2023.
             Mangled by Menkaure (12 damage)
             ... on level 4 of the Dungeon.
             The game lasted 00:00:56 (2840 turns).

qw the Shooter (Minotaur Hexslinger)                Turns: 2840, Time: 00:00:57

Health: -7/45      AC:  9    Str: 12    XL:     5   Next: 91%
Magic:  5/5        EV: 12    Int: 10    God:
Gold:   178        SH:  0    Dex: 15    Spells: 5/6 levels left

rFire   . . .        Y - +0 shortbow
rCold   . . .        (shield currently unavailable)
rNeg    . . .        a - +0 leather armour {Will+}
rPois   .            (helmet restricted)
rElec   .            (no cloak)
rCorr   .            (no gloves)
SInv    .            i - +1 pair of boots
Will    +....        (no amulet)
Stlth   +            h - +4 ring of protection
HPRegen 0.27/turn    (no ring)
MPRegen 0.09/turn

%: no passive effects
@: no status effects
A: horns 2, retaliatory headbutt
a: no special abilities


You were on level 4 of the Dungeon.
You visited 1 branch of the dungeon, and saw 4 of its levels.

You collected 178 gold pieces.


Innate Abilities, Weirdness & Mutations

You have a pair of horns on your head.
You reflexively headbutt those who attack you in melee.


   Skills:
 + Level 3.0 Fighting
 - Level 6.1 Ranged Weapons
 - Level 1.4 Armour
 - Level 2.1 Dodging
 - Level 1.0 Spellcasting
 - Level 2.0 Hexes


You had 5 spell levels left.
You knew the following spells:

 Your Spells              Type           Power      Damage    Failure   Level
a - Slow                  Hex            16%        N/A       19%         1

Your spell library contained the following spells:

 Spells                   Type           Power      Damage    Failure   Level
 Inner Flame              Hex/Fire       2%         N/A       65%         3
 Portal Projectile        Hex/Tloc       4%         N/A       65%         3
 Cause Fear               Hex            2%         N/A       88%         4

Inventory:

Hand Weapons
 Y - a +0 shortbow (weapon)
Armour
 a - a +0 leather armour of willpower (worn)
 f - a +0 ring mail
 i - a +1 pair of boots (worn)
 j - a +0 pair of gloves
Jewellery
 h - a +4 ring of protection (left hand)
Wands
 c - a wand of digging (1)
Scrolls
 k - a scroll of teleportation {unknown}
 m - a scroll of identify
Potions
 b - a potion of might {unknown}
 d - a potion of berserk rage {unknown}
 e - a potion of degeneration {unknown}
 g - a potion of curing
 l - a potion of magic {unknown}
 o - a potion of heal wounds {unknown}

Dungeon Overview and Level Annotations

Branches:
Dungeon (4/15)
 Temple: D:4-7

Altars:
Makhleb

Annotations:
D:3 1 runed translucent door, Crazy Yiuf
D:4 Menkaure


Message History

The giant cockroach bites you but does no damage. x2
You shoot an arrow.
The arrow hits the giant cockroach but does no damage.
The giant cockroach is moderately wounded.
The giant cockroach bites you but does no damage.
You shoot an arrow.
The arrow barely misses the giant cockroach.
The giant cockroach barely misses you.
You shoot an arrow.
The arrow closely misses the giant cockroach.
The giant cockroach barely misses you. You furiously retaliate!
You headbutt the giant cockroach. The giant cockroach barely misses you.
You furiously retaliate!
You headbutt the giant cockroach.
You kill the giant cockroach!
You see here 3 stones.
Menkaure, Prince of Dust comes into view.
Menkaure shouts!
Menkaure points at you and mumbles some strange words.
You resist with some effort.
Enter note:
Enter note: You shoot an arrow.
The arrow hits Menkaure but does no damage.
You shoot an arrow. The arrow hits Menkaure.
Menkaure is lightly damaged.
Menkaure calls on the powers of darkness!
Your body is wracked with pain!
You shoot an arrow. The arrow barely misses Menkaure.
You shoot an arrow. The arrow hits Menkaure.
Menkaure is moderately damaged.
You shoot an arrow.
The arrow hits Menkaure but does no damage.
Menkaure is moderately damaged.
You shoot an arrow. The arrow barely misses Menkaure.
Menkaure casts a spell.
Menkaure seems to speed up.
You shoot an arrow. The arrow hits Menkaure!
Menkaure is heavily damaged.
Menkaure hits you!! Menkaure hits you!
You die...

.. ##.## #.......#
....# #.......
....###.......
#...#.........
#............##
####M....#.......#
##...@# .#...>...# .
#..##...........<.###.
#(###................<
##.#
#..#........###...
#..#
#..#..............
#### ###.## #..#
...######.### ....
###...# #..# ####
#..## .....##...###
..## ##..# .....#..###
############ ##..


You could see Menkaure (fast).

Vanquished Creatures
  An ice beast (D:3)
  Ijyb (D:3)
  4 adders (D:2)
  4 gnolls
  2 worms (D:2)
  3 endoplasms (D:1)
  5 giant cockroaches
  4 hobgoblins
  7 jackals (D:1)
  2 kobolds (D:3)
  3 quokkas (D:1)
  13 ball pythons
  2 bats
  2 frilled lizards
  2 goblins (D:1)
  2 rats (D:2)
57 creatures vanquished.

Notes
Turn   | Place    | Note
-------+----------+-------------------------------------------
     0 | D:1      | qw the Minotaur Hexslinger began the quest for the Orb.
     0 | D:1      | Reached XP level 1. HP: 16/16 MP: 1/1
     0 | D:1      | 0 ||| qw: Version: 0.3-a-52-g30416fa
     0 | D:1      | 0 ||| qw: Game counter: 5623
     0 | D:1      | 0 ||| qw: Melee chars always use a shield: true
     0 | D:1      | 0 ||| qw: God list: Okawaru
     0 | D:1      | 0 ||| qw: Allow faded altars: false
     0 | D:1      | 0 ||| qw: Do Orc after clearing Dungeon:15 true
     0 | D:1      | 0 ||| qw: Do second Lair branch before Depths: true
     0 | D:1      | 0 ||| qw: Lair rune preference: random
     0 | D:1      | 0 ||| qw: Goals: Normal
     0 | D:1      | 0 ||| PLANNING D:1-11
    62 | D:1      | 62 ||| FLEEEEING.
    63 | D:1      | 63 ||| FLEEEEING.
    64 | D:1      | 64 ||| FLEEEEING.
    65 | D:1      | 65 ||| FLEEEEING.
    96 | D:1      | Reached skill level 3 in Ranged Weapons
    98 | D:1      | Reached XP level 2. HP: 22/23 MP: 2/2
   101 | D:1      | Found a faded altar of an unknown god.
   584 | D:1      | 584 ||| UPGRADING to +0 ring mail.
   594 | D:1      | 594 ||| DROPPING +0 robe.
   595 | D:1      | 595 ||| UPGRADING to +4 ring of protection.
   596 | D:1      | 596 ||| READING scroll labelled ILUD NURENUIZ.
   697 | D:1      | 697 ||| DROPPING scroll of poison.
   723 | D:2      | Reached XP level 3. HP: 29/29 MP: 3/3
   862 | D:2      | Reached skill level 4 in Ranged Weapons
  1297 | D:2      | Reached skill level 1 in Armour
  1377 | D:2      | Reached XP level 4. HP: 36/36 MP: 4/4
  1581 | D:2      | 1581 ||| UPGRADING to +1 pair of boots.
  1586 | D:2      | 1586 ||| READING scroll labelled HAREOPE QYNGU.
  1587 | D:2      | 1587 ||| READING scroll labelled KAFU BUKLOFAMAO.
  1588 | D:2      | 1588 ||| DRINKING 2 metallic inky potions.
  1632 | D:3      | 1632 ||| STAIRDANCE
  1642 | D:2      | Reached skill level 5 in Ranged Weapons
  1706 | D:3      | 1706 ||| STAIRDANCE
  1715 | D:2      | HP: 4/36 [gnoll/+0 flail (6)]
  1866 | D:3      | Noticed Ijyb
  1876 | D:3      | Killed Ijyb
  1877 | D:3      | Reached skill level 3 in Fighting
  1877 | D:3      | Reached XP level 5. HP: 40/45 MP: 5/5
  1983 | D:3      | 1983 ||| SWAPPING to +0 shortbow.
  1984 | D:3      | 1984 ||| DROPPING +1 sling.
  2115 | D:3      | Found a burning altar of Makhleb.
  2293 | D:3      | Found a runed translucent door.
  2294 | D:3      | Noticed Crazy Yiuf
  2448 | D:3      | Noticed an ice beast
  2458 | D:3      | Killed an ice beast
  2459 | D:3      | Reached skill level 6 in Ranged Weapons
  2650 | D:3      | 2650 ||| UPGRADING to +0 leather armour of willpower.
  2660 | D:3      | 2660 ||| READING 3 scrolls labelled MUNGIL VOCH.
  2661 | D:3      | 2661 ||| DRINKING 2 yellow potions.
  2715 | D:3      | 2715 ||| DROPPING 2 scrolls of fear.
  2716 | D:3      | 2716 ||| DROPPING potion of lignification.
  2833 | D:4      | Noticed Menkaure
  2840 | D:4      | HP: 5/45 [Menkaure (20)]
  2840 | D:4      | Mangled by Menkaure

Levels and vault maps discovered:
D:1:      onia_arrival_pyramid, layout_basic, ebering_ecumenical_altar_petrified
D:2:      layout_loops_ring, minmay_shallow_snake_nest
D:3:      layout_loops_ring, mainiacjoe_overflow_surrounded_room,
          uniq_crazy_yiuf_cottage, uniq_ijyb
D:4:      minmay_bubble_buster, layout_rooms, st_stairs_8, uniq_menkaure

Skill      XL: |  1  2  3  4  5 |
---------------+----------------+-----
Ranged Weapons | 3 4 5 6 |  6.1
Fighting       | 2 3 |  3.0
Armour         | 1 |  1.4
Dodging        | |  2.1
Spellcasting   | |  1.0
Hexes          | |  2.0

Action                     |  1- 3 |  4- 6 || total
---------------------------+-------+-------++-------
   Fire: Sling             |   130 |    46 ||   176
         Shortbow          |       |    42 ||    42
    Use: Scroll            |     1 |     3 ||     4
         Potion            |       |     2 ||     2
 Armour: Robe              |     5 |       ||     5
         Ring mail         |    22 |    25 ||    47
         Leather armour    |       |     4 ||     4
  Dodge: Dodged            |    49 |    37 ||    86

Table legend:
 A = Non-vault XP
 B = Vault XP
 C = Vault XP percentage of total XP
 D = Non-vault monster count
 E = Vault monster count
 F = Vault count percentage of total count
                 A         B        C        D         E       F
            +---------+---------+-------+---------+---------+-------
      Total |     305 |      60 |  16.4 |      49 |       8 |  14.0
            +---------+---------+-------+---------+---------+-------
        D:1 |      40 |       0 |   0.0 |      22 |       0 |   0.0
        D:2 |      95 |      24 |  20.2 |      17 |       7 |  29.2
        D:3 |     168 |      36 |  17.6 |       9 |       1 |  10.0
        D:4 |       2 |       0 |   0.0 |       1 |       0 |   0.0
            +---------+---------+-------+---------+---------+-------
